Workbook

Sheet METODOLOGÍA DE EVALUACIÓN
B2: INSTITUTO DEPARTAMAENTAL DE CULTURA Y TURISMO-IDECUT
B4: FORMATO No. 3 EVALUACIÓN DE LAS CONDICIONES TÉCNICAS ADICIONALES
B5: METODOLOGÍA DE EVALUACIÓN - APLICABLE A TODAS LAS PÓLIZAS
B6: El Asegurado precisa que las condiciones, coberturas, cláusulas, límites y/o plazo indicados a continuación no son de obligatorio ofrecimiento y las aseguradoras participantes tienen la postedad de decidir su ofrecimiento. Para su evaluación se considerarán los siguientes criterios que corresponden a los generales aplicables, por lo tanto en el caso que se estipulen criterios particulares dentro del contenido de las condiciones, estos primarán sobre los generales: Las aseguradoras deben tener en cuenta que el ofrecimiento de condiciones que presten beneficio a la Entidad adicionales a las relacionadas en cada póliza pero que son en exceso a las mismas; no serán objeto de asignación de puntaje adicional a esos exceso y solo evaluables con base en los criterios que esten definidos en cada condición, no obstante la presentación de éstas obliga a la Aseguradora a su otorgamiento en caso de que el contrato le sea adjudicado y el oferente con la firma de la propuesta acepta esta condición.
B7: CONDICIONES ADICIONALES QUE CONTIENEN SOLO TEXTO: | D7: Se otorgará el máximo puntaje asignado a las propuestas que las ofrezcan con el mismo texto y bajo las mismas condiciones o en condiciones superiores en beneficio de la Entidad. Las propuestas que modifiquen el texto, sin que ello conlleve a la pérdida de la aplicabilidad y/u operatividad de la condición, se le asignará el 50% del puntaje y las propuestas que no las ofrezcan se calificarán con cero (0) puntos.
B8: CONDICIONES ADICIONALES QUE APLIQUEN PARA OFERTAS DE LÍMITES Y/O VALORES FIJOS QUE SE REGISTREN EN TABLAS Y/O CONTENGAN RANGOS Y/O VALORES CON BASE EN LOS CUALES SE DEBE EFECTUAR EL OFRECIMIENTO. | D8: Las aseguradoras deben tener en cuenta: 1. Para acceder a calificación, el oferente deberá registrar en forma expresa y de manera clara, el valor y/o límite que ofrece. En aquellos casos que se exprese valores en COL$ o en SMMLV para realizar una evaluación equitativa, se podrá homologar el ofrecimiento a alguna de las dos constantes COL$ o SMMLV. 2. Se otorga el máximo puntaje a la propuesta que dentro del rango o tabla se aproxime al máximo sublímite o plazo requerido y las demas ofertas se calificaran en forma proporcional a la propuesta calificada con el máximo puntaje. 3. En el caso de presentar propuesta por un valor y/o límite diferente al establecido en los rangos de la tabla, se tomará para la asignación de puntaje, el monto y/o límite del rango inmediatamente anterior al del valor ofrecido y el oferente acepta esta condición con la firma de la oferta y, de ser adjudicada la propuesta, expedirá la póliza con el valor indicado en la propuesta.
B9: CONDICIONES ADICIONALES | D9: NOTA: Las aseguradoras deben señalar expresamente en su propuesta las Condiciones Adicionales que ofrece especificando los límites, periodos y demás información necesaria para su evaluación de acuerdo con las condiciones de cada una de ellas, en caso que manifieste "SE OTORGA" ó "SI" u otra expresión que implica que si esta otorgando la condición, pero no está especificado, se entenderá que las mismas fueron ofrecidas al máximo límite, sublímite o periodos o plazos y por lo tanto se asignará el mayor puntaje de esta condición, al límite, sublímite o períodos o plazos requerido y de ser adjudicada la propuesta, la aseguradora expedirá la póliza con las condiciones máximas exigidas de ese criterio en particular.
B10: By: Tiger | G10: VERSIÓN: FEB 2025

Sheet G1. COND ADIC. TRDMC
B3: INSTITUTO DEPARTAMENTAL DE CULTURA Y TURISMO DE CUNDINAMARCA - IDECUT
B5: FORMATO No. 3 EVALUACIÓN DE LAS CONDICIONES TÉCNICAS ADICIONALES
B6: GRUPO No. 1
B7: 1. PÓLIZA DE SEGURO DE TODO RIESGO DAÑOS MATERIALES COMBINADOS
B8: OBJETO DEL SEGURO
B9: Amparar todos los activos (bienes inmuebles y muebles) de propiedad del INSTITUTO DEPARTAMENTAL DE CULTURA Y TURISMO DE CUNDINAMARCA-IDECUT, o aquellos que se encuentren bajo su control, tenencia, responsabilidad o custodia, contra los daños o pérdidas materiales a consecuencia de cualquier riesgo, tanto por eventos internos o externos y en general los recibidos a cualquier título o por los que tenga algún interés asegurable, ubicados en el territorio nacional o por aquellos que por su naturaleza se deban trasladar a nivel mundial, dentro o fuera de las instalaciones del asegurado y/o en predios de terceros o a la intemperie y los utilizados en desarrollo del objeto social del INSTITUTO DEPARTAMENTAL DE CULTURA Y TURISMO DE CUNDINAMARCA-IDECUT
B10: INFORMACIÓN GENERAL:
B11: TOMADOR: | C11: =+B3 -> INSTITUTO DEPARTAMENTAL DE CULTURA Y TURISMO DE CUNDINAMARCA - IDECUT | G11: NIT | H11: 900.294.905-6
B12: ASEGURADO: | C12: =+C11 -> INSTITUTO DEPARTAMENTAL DE CULTURA Y TURISMO DE CUNDINAMARCA - IDECUT | G12: =+G11 -> NIT | H12: =+H11 -> 900.294.905-6
B13: BENEFICIARIO: | C13: =+C11 -> INSTITUTO DEPARTAMENTAL DE CULTURA Y TURISMO DE CUNDINAMARCA - IDECUT | G13: =+G12 -> NIT | H13: =+H11 -> 900.294.905-6
B14: NOTA: | C14: CADA SUBLÍMITE O GASTOS OFRECIDOS EN FORMA ADICIONAL QUEDA CONTEMPLADO DENTRO DEL LÍMITE ASEGURADO.
B15: CRITERIOS DE EVALUACIÓN:
B16: CONDICIÓN REQUERIDA PARA EVALUACIÓN | E16: CRITERIO DE EVALUACIÓN | F16: PUNTAJE ESTABLECIDO | G16: OFRECIMIENTO DEL PROPONENTE | H16: PUNTAJE OBTENIDO POR EL PROPONENTE
B17: GASTOS ADICIONALES. Sublímite por la suma de $350.000.000, incluido en el valor asegurado,sin aplicación de deducible y combinado para los gastos relacionados en en Anexo No. 1. NOTA: Solo se acepta propuesta en los límites señados en los siguientes rangos. Ofrecimientos de otros valores diferentes serán evaluados con cero (0) puntos), excepto que sea superior al último rango. | D17: PUNTOS AL MAYOR VALOR DENTRO DEL RANGO | E17: Se califica el aumento adicional del sublímite Hasta un monto total de $450.000.000 incluido el básico | F17: =D20 -> 6
B18: Límite adicional al básico mayor a $25.000.000 y hasta $50.000.000: | D18: 1
B19: Límite adicional al básico mayor a $50.000.000 y hasta $75.000.000: | D19: 3
B20: Límite adicional al básico mayor a $75.000.000 y hasta $100.000.000: | D20: 6
B21: ANTICIPO DE INDEMNIZACIÓN DEL 70%. NOTA 1: Si el aumento adicional del porcentaje de anticipo es condicionado a la demostración de la ocurrencia y cuantía, se califica con cero (0) puntos este factor. NOTA 2: Solo se acepta propuesta en los límites señados en los siguientes rangos. | D21: PUNTOS AL MAYOR VALOR DENTRO DEL RANGO | E21: Se califica el aumento adicional del porcentaje ofrecido. Bajo la definición del texto de la condición obligatoria y sin estar condicionada a la demostración de ocurrencia y cuantía. | F21: =D24 -> 3
B22: Límite adicional al básico mayor al 0% y hasta el 5%. | D22: 1.5
B23: Límite adicional al básico mayor al 5% y hasta el 10%. | D23: 2.25
B24: Límite adicional al básico mayor al 10% y hasta el 20%. | D24: 3
B25: RENUNCIA A LA APLICACIÓN DE SEGURO INSUFICIENTE Y/O INFRASEGURO Siempre y cuando la diferencia entre el valor asegurado y el valor asegurable no sea superior al 30%. NOTA: Solo se acepta propuesta en los límites señados en los siguientes rangos. Ofrecimientos de otros valores diferentes serán evaluados con cero (0) puntos), excepto que sea superior al último rango. | D25: PUNTOS AL MAYOR VALOR DENTRO DEL RANGO | E25: Se califica en Condiciones Adicionales el aumento adicional del porcentaje ofrecido. Hasta un máximo del 40% incluido el básico | F25: =D28 -> 6
B26: Porcentaje adicional mayor al 2% y hasta el 5%: | D26: 2
B27: Porcentaje adicional mayor al 5% y hasta el 7%: | D27: 4
B28: Porcentaje adicional mayor al 7% y hasta el 10%: | D28: 6
B29: CLÁUSULA DE NO TASACIÓN EN CASO DE SINIESTRO Sublímite de hasta $300.000.000, por siniestro. NOTA: Solo se acepta propuesta en los límites señados en los siguientes rangos. Ofrecimientos de otros valores diferentes serán evaluados con cero (0) puntos), excepto que sea superior al último rango. | D29: PUNTOS AL MAYOR VALOR DENTRO DEL RANGO | E29: Se califica el aumento adicional del sublímite Hasta un monto total de $350.000.000 incluido el básico | F29: =D32 -> 3
B30: Límite adicional al básico mayor a $25.000.000 y hasta $50.000.000: | D30: 1.5
B31: Límite adicional al básico mayor a $50.000.000 y hasta $100.000.000: | D31: 2.25
B32: Límite adicional al básico mayor a $100.000.000 y hasta $200.000.000: | D32: 3
B33: COMPROMISO PARA EL PAGO DE LAS INDEMNIZACIONES Plazo de cinco (5) días hábiles. | D33: PUNTOS AL MAYOR VALOR DENTRO DEL RANGO | E33: Se califica el menor número de días hábiles una vez demostrada ocurrencia y cuantía. | F33: =D36 -> 6
B34: Límite adicional al básico 5 días. | D34: 2
B35: Límite adicional al básico 4 a 3 días. | D35: 4
B36: Límite adicional al básico menos de 3 días | D36: 6
B37: AUTORIZACIÓN EXPRESA AL ASEGURADO PARA ATENCIÓN DE DAÑOS POR SINIESTROS CUYO VALOR NO EXCEDA $300.000.000. NOTA: Solo se acepta propuesta en los límites señados en los siguientes rangos. Ofrecimientos de otros valores diferentes serán evaluados con cero (0) puntos), excepto que sea superior al último rango. | D37: PUNTOS AL MAYOR VALOR DENTRO DEL RANGO | E37: Se califica el aumento adicional del sublímite para la autorización expresa para la atención de siniestros. Hasta un monto total de $350.000.000 incluido el básico | F37: =D40 -> 6
B38: Límite adicional al básico mayor a $25.000.000 y hasta $25.000.001: | D38: 2
B39: Límite adicional al básico mayor a $25.0001 y hasta $30.000.000: | D39: 4
B40: Límite adicional al básico mayor a $30.000.001 y hasta $50.000.000: | D40: 6
B41: MÁXIMO CALIFICACIÓN | F41: =SUM(F17:F40) -> 30 | G41: CALIFICACIÓN DEL PROPONENTE
B42: By: Tiger | H42: =+'METODOLOGÍA DE EVALUACIÓN'!G10 -> VERSIÓN: FEB 2025

Sheet G1. COND ADIC. MANEJO GLOBAL
B3: =+'G1. COND ADIC. TRDMC'!B3:H3 -> INSTITUTO DEPARTAMENTAL DE CULTURA Y TURISMO DE CUNDINAMARCA - IDECUT
B5: FORMATO No. 3 EVALUACIÓN DE LAS CONDICIONES TÉCNICAS ADICIONALES
B6: GRUPO No. 1
B7: 2. PÓLIZA DE SEGURO GLOBAL DE MANEJO PARA ENTIDADES OFICIALES
B8: OBJETO DEL SEGURO
B9: Amparar los riesgos que impliquen menoscabo de los fondos y/o bienes de propiedad del INSTITUTO DEPARTAMENTAL DE CULTURA Y TURISMO DE CUNDINAMARCA-IDECUT o que estén bajo su tenencia, control y/o responsabilidad causados por acciones u omisiones de sus servidores, que incurran en delitos contra la administración pública o fallos con responsabilidad fiscal, por incumplimiento de las disposiciones legales y reglamentarias, incluyendo el costo de la rendición de cuentas en caso de abandono del cargo o fallecimiento del empleado, en concordancia con la Resolución 014249 del 15 de mayo de 1992, aprobada por la Contraloría General de la República.
B10: INFORMACIÓN GENERAL:
B11: TOMADOR: | C11: =+B3 -> INSTITUTO DEPARTAMENTAL DE CULTURA Y TURISMO DE CUNDINAMARCA - IDECUT | G11: NIT. | H11: =+'G1. COND ADIC. TRDMC'!H11 -> 900.294.905-6
B12: ASEGURADO: | C12: =+C11 -> INSTITUTO DEPARTAMENTAL DE CULTURA Y TURISMO DE CUNDINAMARCA - IDECUT | G12: NIT. | H12: =+H11 -> 900.294.905-6
B13: BENEFICIARIO: | C13: =+C11 -> INSTITUTO DEPARTAMENTAL DE CULTURA Y TURISMO DE CUNDINAMARCA - IDECUT | G13: NIT. | H13: =+H11 -> 900.294.905-6
B14: NOTA: | C14: CADA SUBLÍMITE O GASTOS OFRECIDOS EN FORMA ADICIONAL QUEDA CONTEMPLADO DENTRO DEL LÍMITE ASEGURADO.
B15: CRITERIOS DE EVALUACIÓN:
B16: CONDICIÓN REQUERIDA PARA EVALUACIÓN | E16: CRITERIO DE EVALUACIÓN | F16: PUNTAJE ESTABLECIDO | G16: OFRECIMIENTO DEL OFERENTE | H16: PUNTAJE OBTENIDO POR EL OFERENTE
B17: INCREMENTO DEL LÍMITE BÁSICO PARA LA COBERTURA DE MANEJO GLOBAL. LÍMITE $110.000.000 EVENTO / agregado anual NOTA: Solo se acepta propuesta en los límites señados en los siguientes rangos. Ofrecimientos de otros valores diferentes serán evaluados con cero (0) puntos), excepto que sea superior al último rango. | D17: PUNTOS AL MAYOR VALOR DENTRO DEL RANGO | E17: Se califica el aumento adicional del límite asegurado. SIN COBRO DE PRIMA | F17: =D21 -> 19
B18: Límite adicional al básico mayor a $10.000.000 y hasta $20.000.000 | D18: 3
B19: Límite adicional al básico mayor a $20.000.000 y hasta $30.000.000 | D19: 5
B20: Límite adicional al básico mayor a $30.000.000 y hasta $40.000.000 | D20: 15
B21: Límite adicional al básico mayor a $40.000.000 y hasta $50.000.000 | D21: 19
B22: ANTICIPO DE INDEMNIZACIÓN DEL 70%. NOTA 1: Si el aumento adicional del porcentaje de anticipo es condicionado a la demostración de la ocurrencia y cuantía, se califica con cero (0) puntos este factor. NOTA 2: Solo se acepta propuesta en los límites señados en los siguientes rangos. | D22: PUNTOS AL MAYOR VALOR DENTRO DEL RANGO | E22: Se califica el aumento adicional del porcentaje ofrecido. Bajo la definición del texto de la condición obligatoria y sin estar condicionada a la demostración de ocurrencia y cuantía. | F22: =D25 -> 3
B23: Límite adicional al básico mayor al 0% y hasta el 5%. | D23: 1.5
B24: Límite adicional al básico mayor al 5% y hasta el 10%. | D24: =1.125*2 -> 2.25
B25: Límite adicional al básico mayor al 10% y hasta el 20%. | D25: 3
B26: RESTABLECIMIENTO ADICIONAL AUTOMÁTICO DEL LÍMITE ASEGURADO POR PAGO DE SINIESTRO, HASTA DOS PUNTO UNA (2.1) VEZ EL LÍMITE CONTRATADO CON COBRO DE PRIMA A PRORRATA. NOTA: Solo se acepta propuesta en los límites señados en los siguientes rangos. Ofrecimientos de otros valores diferentes serán evaluados con cero (0) puntos), excepto que sea superior al último rango. | D26: PUNTOS AL MAYOR VALOR DENTRO DEL RANGO | E26: Se califica el número de reestablecimientos adicionales, únicamente relacionados en la tabla de rangos en la condición requerida para la evaluación. | F26: =D29 -> 5
B27: Superior a 0.5 veces y hasta 1,0 veces | D27: 1
B28: Superior a 1,0 veces y hasta 1.5 veces | D28: 3
B29: Superior a 1.5 veces y hasta 2,0 veces | D29: 5
B30: COMPROMISO PARA EL PAGO DE LAS INDEMNIZACIONES Plazo de cinco (5) días hábiles. | E30: Se califica el menor número de días hábiles una vez demostrada ocurrencia y cuantía. | F30: 3
B31: MÁXIMO CALIFICACIÓN | F31: =SUM(F17:F30) -> 30 | G31: CALIFICACIÓN DEL OFERENTE | H31: =SUM(H17:H30) -> 0
B32: By: Tiger | H32: =+'METODOLOGÍA DE EVALUACIÓN'!G10 -> VERSIÓN: FEB 2025

Sheet G1. COND ADIC. RCE
B4: INSTITUTO DEPARTAMENTAL DE CULTURA Y TURISMO DE CUNDINAMARCA - IDECUT
B6: FORMATO No. 3 EVALUACIÓN DE LAS CONDICIONES TÉCNICAS ADICIONALES
B7: GRUPO No. 1
B8: 3. PÓLIZA DE SEGURO DE RESPONSABILIDAD CIVIL EXTRACONTRACTUAL
B9: OBJETO DEL SEGURO
B10: Amparar los perjuicios patrimoniales y extrapatrimoniales que cause el INSTITUTO DEPARTAMENTAL DE CULTURA Y TURISMO DE CUNDINAMARCA-IDECUT como consecuencia de la Responsabilidad Civil Extracontractual originada dentro o fuera de sus instalaciones, en el desarrollo de sus actividades o en lo relacionado con ella, lo mismo que los actos de sus empleados y funcionarios o el personal para el apoyo a la gestión administrativa dentro y fuera del territorio nacional o por bienes que se encuentren bajo tenencia, control y/o responsabilidad . Nota: Se entenderán como terceros todos empleados y funcionarios los permanentes, o temporales, o estudiantes en práctica o pasantias, o contratistas, o subcontratistas, o de personas voluntarias que presten servicios al asegurado, incluyendo miembros de las Directivas y cada una de las personas que circulen, ingresen, accedan o se encuentren en los predios de asegurado o por los cuales es responsable en su aseguramiento, independientemente que el asegurado le esté prestando un servicio objeto de su razón social.
B11: INFORMACIÓN GENERAL:
B12: TOMADOR: | C12: =+B4 -> INSTITUTO DEPARTAMENTAL DE CULTURA Y TURISMO DE CUNDINAMARCA - IDECUT | G12: NIT. | H12: =+'G1. COND ADIC. TRDMC'!H11 -> 900.294.905-6
B13: ASEGURADO: | C13: =+C12 -> INSTITUTO DEPARTAMENTAL DE CULTURA Y TURISMO DE CUNDINAMARCA - IDECUT | G13: NIT. | H13: =+H12 -> 900.294.905-6
B14: BENEFICIARIOS: | C14: TERCEROS AFECTADOS
B15: NOTA: | C15: CADA SUBLÍMITE O GASTOS OFRECIDOS EN FORMA ADICIONAL QUEDA CONTEMPLADO DENTRO DEL LÍMITE ASEGURADO.
B16: CRITERIOS DE EVALUACIÓN:
B17: CONDICIÓN REQUERIDA PARA EVALUACIÓN | E17: CRITERIO DE EVALUACIÓN | F17: PUNTAJE ESTABLECIDO | G17: OFRECIMIENTO DEL OFERENTE | H17: PUNTAJE OBTENIDO POR EL OFERENTE
B18: INCREMENTO DEL LÍMITE BÁSICO PARA LA COBERTURA DE RESPONSABILIDAD CIVIL EXTRACONTRACTUAL $2.300.000.000 EVENTO / AGREGADO ANUAL NOTA: Solo se acepta propuesta en los límites señados en los siguientes rangos. Ofrecimientos de otros valores diferentes serán evaluados con cero (0) puntos), excepto que sea superior al último rango. | D18: PUNTOS AL MAYOR VALOR DENTRO DEL RANGO | E18: Se califica el aumento adicional del límite asegurado. SIN COBRO DE PRIMA | F18: =D21 -> 9
B19: Límite adicional al básico mayor a $100.000.000 y hasta $200.000.000 | D19: 2
B20: Límite adicional al básico mayor a $200.000.000 y hasta $300.000.000 | D20: 4
B21: Límite adicional al básico mayor a $400.000.000 y hasta $500.000.000 | D21: 9
B22: GASTOS MÉDICOS (sin aplicación de deducibles). Sublímite $200.000.000 evento / $800.000.000 Agregado Anual NOTA: Solo se acepta propuesta en los límites señados en los siguientes rangos. Ofrecimientos de otros valores diferentes serán evaluados con cero (0) puntos), excepto que sea superior al último rango. | E22: Se califica el aumento adicional del límite asegurado. SIN COBRO DE PRIMA, así:
B23: Rangos para el sublímite por evento | D23: PUNTOS AL MAYOR VALOR DENTRO DEL RANGO | E23: Se califica el aumento adicional del sublímite evento. incluido el básico | F23: =D26 -> 5
B24: Límite adicional al básico mayor a $10.000.000 y hasta $30.000.000 | D24: 2
B25: Límite adicional al básico mayor a $30.000.000 y hasta $60.000.000 | D25: 3
B26: Límite adicional al básico mayor a $60.000.000 y hasta $120.000.000 | D26: 5
B27: Rangos para el sublímite por agregado anual | D27: PUNTOS AL MAYOR VALOR DENTRO DEL RANGO | E27: Se califica el aumento adicional del sublímite (vigencia 1.4.2.) ANEXO 1. incluido el básico | F27: =D30 -> 5
B28: Límite adicional al básico mayor a $50.000.000 y hasta $100.000.000 | D28: 2
B29: Límite adicional al básico mayor a $100.000.000 y hasta $150.000.000 | D29: 3
B30: Límite adicional al básico mayor a $150.000.000 y hasta $300.000.000 | D30: 5
B31: ANTICIPO DE INDEMNIZACIÓN DEL70%. NOTA 1: Si el aumento adicional del porcentaje de anticipo es condicionado a la demostración de la ocurrencia y cuantía, se califica con cero (0) puntos este factor. NOTA 2: Solo se acepta propuesta en los límites señados en los siguientes rangos. | D31: PUNTOS AL MAYOR VALOR DENTRO DEL RANGO | E31: Se califica el aumento adicional del porcentaje ofrecido. Bajo la definición del texto de la condición obligatoria y sin estar condicionada a la demostración de ocurrencia y cuantía. | F31: =D34 -> 3
B32: Límite adicional al básico mayor al 0% y hasta el 5%. | D32: 1.5
B33: Límite adicional al básico mayor al 5% y hasta el 10%. | D33: =1.125*2 -> 2.25
B34: Límite adicional al básico mayor al 10% y hasta el 20%. | D34: 3
B35: RESTABLECIMIENTO ADICIONAL AUTOMÁTICO DEL LÍMITE ASEGURADO POR PAGO DE SINIESTRO, HASTA DOS PUNTO UNA (2.1) VEZ EL LÍMITE CONTRATADO CON COBRO DE PRIMA A PRORRATA. NOTA: Solo se acepta propuesta en los límites señados en los siguientes rangos. Ofrecimientos de otros valores diferentes serán evaluados con cero (0) puntos), excepto que sea superior al último rango. | D35: PUNTOS AL MAYOR VALOR DENTRO DEL RANGO | E35: Se califica el número de reestablecimientos adicionales, únicamente relacionados en la tabla de rangos en la condición requerida para la evaluación. | F35: =D38 -> 5
B36: Superior a 0.5 veces y hasta 1,0 veces | D36: 2
B37: Superior a 1,0 veces y hasta 1,5 veces | D37: 3
B38: Superior a 1,5 veces y hasta 2,0 veces | D38: 5
B39: COMPROMISO PARA EL PAGO DE LAS INDEMNIZACIONES Plazo de cinco (5) días hábiles. | D39: 3 | E39: Se califica el menor número de días hábiles una vez demostrada ocurrencia y cuantía. | F39: =D39 -> 3
B40: MÁXIMO CALIFICACIÓN | F40: =SUM(F18:F39) -> 30 | G40: CALIFICACIÓN DEL OFERENTE | H40: =SUM(H18:H39) -> 0
B41: By: Tiger | H41: =+'METODOLOGÍA DE EVALUACIÓN'!G10 -> VERSIÓN: FEB 2025

Sheet G1 COND ADIC. AUTOMÓVILES
B4: INSTITUTO DEPARTAMENTAL DE CULTURA Y TURISMO DE CUNDINAMARCA - IDECUT
B6: FORMATO No. 3 EVALUACIÓN DE LAS CONDICIONES TÉCNICAS ADICIONALES
B7: GRUPO No. 1
B8: 4. PÓLIZA DE AUTOMÓVILES
B9: OBJETO DEL SEGURO
B10: Amparar a la Entidad por los perjuicios que cause patrimonial (daños materiales incluyendo daño emergente y lucro cesante) y extrapatrimonialmnte (incluidos el daño moral, daño fisiológico y daño a la vida en relación), al igual que los daños a bienes o lesiones o muerte a terceros. De igual forma se amparan los daños y/o pérdidas que afecten a los vehículos de su propiedad, bajo tenencia, control o por los que sea legalmente responsable o incluidos aquellos recibidos por parte de otras entidades para el desarrollo misional de la Entidad.
B11: INFORMACIÓN GENERAL:
B12: TOMADOR: | C12: =+B4 -> INSTITUTO DEPARTAMENTAL DE CULTURA Y TURISMO DE CUNDINAMARCA - IDECUT | G12: NIT. | H12: =+'G1. COND ADIC. TRDMC'!H11 -> 900.294.905-6
B13: ASEGURADO: | C13: =+C12 -> INSTITUTO DEPARTAMENTAL DE CULTURA Y TURISMO DE CUNDINAMARCA - IDECUT | G13: NIT. | H13: =+H12 -> 900.294.905-6
B14: BENEFICIARIO: | C14: =+C12 -> INSTITUTO DEPARTAMENTAL DE CULTURA Y TURISMO DE CUNDINAMARCA - IDECUT | G14: NIT. | H14: =+H12 -> 900.294.905-6
B15: NOTA: | C15: CADA SUBLÍMITE O GASTOS OFRECIDOS EN FORMA ADICIONAL QUEDA CONTEMPLADO DENTRO DEL LÍMITE ASEGURADO.
B16: CRITERIOS DE EVALUACIÓN:
B17: CONDICIÓN REQUERIDA PARA EVALUACIÓN | E17: CRITERIO DE EVALUACIÓN | F17: PUNTAJE ESTABLECIDO | G17: OFRECIMIENTO DEL OFERENTE | H17: PUNTAJE OBTENIDO POR EL OFERENTE
B18: INCREMENTO DEL LÍMITE BÁSICO PARA LA COBERTURA DE RESPONSABILIDAD CIVIL EXTRACONTRACTUAL EVENTO /AGREGADO ANUAL. NOTA: Solo se acepta propuesta en los límites señados en los siguientes rangos. Ofrecimientos de otros valores diferentes serán evaluados con cero (0) puntos), excepto que sea superior al último rango. | E18: Se califica el aumento adicional del límite asegurado. SIN COBRO DE PRIMA | F18: =D23 -> 10
B19: Al proponente que ofrezca únicamente el límite básico exigido de $1.423.500.000 / $1.423.500.000 / $2.847.000.000, ó Límite único combinado de $4.270.500.000, se evaluara con CERO (0) puntos. Solo se acepta propuesta en los límites a continuación señalados, ofrecimientos de otros valores diferentes serán evaluados con cero (0) puntos). | D19: PUNTOS
B20: Al proponente que ofrezca límite de: $1.800.000.000 / $1.800.000.000 / $3.600.000.000. O límite único combinado de $5.400.000.000. | D20: 1
B21: Al proponente que ofrezca límite de: $2.000.000.000 / $2.000.000.000 / $4.000.000.000. O límite único combinado de $6.000.000.000. | D21: 3
B22: Al proponente que ofrezca límite de: $2.200.000.000 / $2.200.000.000 / $4.400.000.000. O límite único combinado de $6.600.000.000. | D22: 6
B23: Al proponente que ofrezca límite de: $2.500.000.000 / $2.500.000.000 / $5.000.000.000. O límite único combinado de $7.500.000.000. | D23: 10
B24: GASTOS DE TRANSPORTE POR PÉRDIDAS TOTALES (Daños y/o Hurto) (esta condición no aplica para motos y vehiculos pesados.) Limite de $47.000 diarios y hasta (82) días | E24: Se califica el aumento adicional del (incluido el básico) monto de los gastos de transporte. | F24: 3
B25: GASTOS DE BODEGAJE Limite de $10.000.000 EVENTO/AGREGADO ANUAL | E25: Se califica el aumento adicional del monto de los gastos de bodegaje. Hasta $15.000.000 incluido el básico. | F25: =D28 -> 3
B26: Límite adicional al básico mayor a $500.000 y hasta $1.000.000 | D26: 1
B27: Límite adicional al básico mayor a $1.000.000 y hasta $2.000.000. | D27: 2
B28: Límite adicional al básico mayor a $2.000.000 y hasta $5.000.000: | D28: 3
B29: ANTICIPO DE INDEMNIZACIÓN DEL 82%. NOTA 1: Si el aumento adicional del porcentaje de anticipo es condicionado a la demostración de la ocurrencia y cuantía, se califica con cero (0) puntos este factor. NOTA 2: Solo se acepta propuesta en los límites señados en los siguientes rangos. | D29: PUNTOS | E29: Se califica el aumento adicional del porcentaje ofrecido. Bajo la definición del texto de la condición obligatoria y sin estar condicionada a la demostración de ocurrencia y cuantía. | F29: =D32 -> 2
B30: Límite adicional al básico mayor al 0% y hasta el 1%. | D30: 0.6
B31: Límite adicional al básico mayor al 1% y hasta el 2%. | D31: 1
B32: Límite adicional al básico mayor al 2% y hasta el 3%. | D32: 2
B33: AMPARO AUTOMÁTICO DE VEHÍCULOS NUEVOS Y USADOS Sublímite de $405.000.000 por vehículo y término de 90 días de aviso. | E33: Se califica el aumento adicional del monto del sublímite para este amparo. | F33: 3
B34: AMPARO AUTOMÁTICO DE EQUIPOS Y ACCESORIOS Sublímite de $30.000.000 por vehículo y término de 90 días de aviso. | E34: Se califica el aumento adicional del monto del sublímite para este amparo. | F34: 2
B35: GASTOS DE GRÚA PARA VEHÍCULOS DE TERCEROS, AFECTADOS EN ACCIDENTES EN LOS CUALES SEA EVIDENTE LA RESPONSABILIDAD DEL ASEGURADO. Se paga por rembolso el servicio prestado de grúa al tercero. | E35: Se califica el otorgamiento de este servicio. | F35: 3 | I35: AJUSTAR PUNTAJE SI SE TRASLADA DE BÁSICAS OBLIGATORIAS
B36: COMPROMISO PARA EL PAGO DE LAS INDEMNIZACIONES Plazo de cinco (5) días hábiles. | E36: Se califica el menor número de días hábiles una vez demostrada ocurrencia y cuantía. | F36: 3 | I36: =+'G1. COND ADIC. RCE'!I40
B37: VERIFICACIÓN CARACTERÍSTICAS DE LOS VEHÍCULOS ASEGURADOS FRENTE A CÓDIGO FASECOLDA Queda entendido, convenido y aceptado que la aseguradora se obliga a validar las características del vehículo asegurado en forma directa o a través de una firma externa especializada en reconocimiento de los vehículos relacionados por la Entidad, con expertos en la materia, tales como: marca, modelo, cilindraje o capacidad, carrocería, líneas, cabinas, y demás que consideren pertinentes, de tal forma que correspondan en un todo con el código exacto de FASECOLDA. Esta condición no aplica para vehículos con valor admitido. | E37: Se califica el ofrecimiento de este servicio | F37: 1 | I37: ESTA EN BÁSICAS. PERO PIDEN TRASLADAR A COND ADICIONALES. ELIMINARLA DE BÁSICAS
B38: MÁXIMO CALIFICACIÓN | F38: =SUM(F18:F37) -> 30 | G38: CALIFICACIÓN DEL OFERENTE | H38: =SUM(H18:H37) -> 0
B39: By: Tiger | H39: =+'G1. COND ADIC. RCE'!H41 -> VERSIÓN: FEB 2025

Sheet G1 . COND ADIC. RCSP
B3: INSTITUTO DEPARTAMENTAL DE CULTURA Y TURISMO DE CUNDINAMARCA - IDECUT
B5: FORMATO No. 3 EVALUACIÓN DE LAS CONDICIONES TÉCNICAS ADICIONALES
B6: GRUPO No. 2
B7: 5. PÓLIZA DE RESPONSABILIDAD CIVIL SERVIDORES PÚBLICOS
B8: OBJETO DEL SEGURO
B9: Amparar los perjuicios patrimoniales causados a terceros y/o al INSTITUTO DEPARTAMENTAL DE CULTURA Y TURSIMO DE CUNDINAMARCA-IDECUT provenientes de la responsabilidad civil de los servidores públicos y/o funcionarios con regímenes de responsabilidad similares a los de los servidores públicos, en el desempeño de las funciones de los cargos asegurados, por toda acción u omisión, correcta o incorrecta, culposa, real o presunta, así como los perjuicios que les sean imputable y los ocasionados por juicios de responsabilidad fiscal.
B10: Amparar los gastos de defensa (tales como, pero sin limitarse a: honorarios profesionales de abogados defensores, gastos y costas procesales y cauciones judiciales) según los límites por etapas procesales establecidos en este documento, en todo tipo de procesos, incluidos, pero sin limitarse a: procesos fiscales, procesos disciplinarios, procesos penales siempre que se trate de delitos no dolosos, procesos civiles, procesos administrativos (incluidos los de reparación directa); indagaciones, investigaciones preliminares, procesos internos y cualquier otro en los que se discuta la responsabilidad correspondiente a los cargos asegurados y en general los incurridos para defenderse en cualquier tipo de investigación o proceso adelantados por organismos oficial de vigilancia y control o entes de investigación según los límites por: tipos de procesos y etapas procesales establecidos en este documento.
B11: TOMADOR: | C11: =+B3 -> INSTITUTO DEPARTAMENTAL DE CULTURA Y TURISMO DE CUNDINAMARCA - IDECUT | G11: NIT. | H11: =+'G1. COND ADIC. TRDMC'!H11 -> 900.294.905-6
B12: ASEGURADO: | C12: NOMBRE DE LA ENTIDAD Y/O CARGOS ASEGURADOS | G12: NIT. | H12: =+H11 -> 900.294.905-6
B13: BENEFICIARIO: | C13: NOMBRE DE LA ENTIDAD Y/O CARGOS ASEGURADOS Y/O TERCEROS AFECTADOS | G13: NIT. | H13: =+H11 -> 900.294.905-6
B14: NOTA: | C14: CADA SUBLÍMITE O GASTOS OFRECIDOS EN FORMA ADICIONAL QUEDA CONTEMPLADO DENTRO DEL LÍMITE ASEGURADO.
B15: CRITERIOS DE EVALUACIÓN:
B16: CONDICIÓN REQUERIDA PARA EVALUACIÓN | E16: CRITERIO DE EVALUACIÓN | F16: PUNTAJE ESTABLECIDO | G16: OFRECIMIENTO DEL OFERENTE | H16: PUNTAJE OBTENIDO POR EL OFERENTE
B17: INCREMENTO DEL LÍMITE BÁSICO PARA LA COBERTURA DE PERJUICIOS O DETRIMENTO PATRIMONIAL. | E17: Se califica el aumento adicional del límite asegurado, únicamente relacionados en la tabla de rangos en la condición requerida para la evaluación. SIN COBRO DE PRIMA | F17: 4
B18: Límite de $300.000.000 evento /agregado anual. Incluido los Gastos de Defensa. NOTA: Solo se acepta propuesta en los límites señados en los siguientes rangos. Ofrecimientos de otros valores diferentes serán evaluados con cero (0) puntos), excepto que sea superior al último rango. | D18: PUNTOS
B19: Ofrecimiento adicional superior a $50.000.000 y hasta $100.000.000 | D19: 0.05
B20: Ofrecimiento adicional superior a 100.000.000 y hasta $150.000.000 | D20: 0.5
B21: Ofrecimiento adicional superior a $150.000.000 y hasta $200.000.000 | D21: 1
B22: Ofrecimiento adicional superior a $200.000.000 y hasta $250.000.000 | D22: 2
B23: INCREMENTO DEL LÍMITE BÁSICO PARA LA COBERTURA DE GASTOS DE DEFENSA. Incluidos en el límite de Perjuicios o Detrimento Patrimonial sin cobro de prima. NOTA: Solo se acepta propuesta en los límites señados en los siguientes rangos. Ofrecimientos de otros valores diferentes serán evaluados con cero (0) puntos), excepto que sea superior al último rango. | E23: Se califica el aumento adicional del límite asegurado, únicamente relacionados en la tabla de rangos en la condición requerida para la evaluación. SIN COBRO DE PRIMA | F23: =D28 -> 16
B24: Límite de $200.000.000 evento / agregado anual. Incluidos en el límite de Perjuicios o Detrimento Patrimonial sin cobro de prima. | D24: PUNTOS
B25: Ofrecimiento adicional de $20.000.000 al límite básico. | D25: 2
B26: Ofrecimiento adicional de $30.000.000 al límite básico. | D26: 5
B27: Ofrecimiento adicional de $40.000.000 al límite básico. | D27: 8
B28: Ofrecimiento adicional de $50.000.000 al límite básico. | D28: 16
B29: ANTICIPO DE INDEMNIZACIÓN PARA EL PAGO DE HONORARIOS DEL 70%. NOTA: Si el aumento adicional del porcentaje de anticipo es condicionado a la demostración de la ocurrencia y cuantía, se califica con cero (0) puntos este factor. | E29: Se califica el aumento adicional del porcentaje ofrecido. Bajo la definición del texto de la condición obligatoria y sin estar condicionada a la demostración de ocurrencia y cuantía. | F29: 3
B30: NOTIFICACIÓN DE HECHOS O CIRCUNSTANCIAS. Si durante la vigencia de la póliza o del periodo extendido de reclamaciones, un asegurado o la entidad tomadora tuvieren conocimiento de cualquier hecho o circunstancia que razonablemente pudiera dar lugar en el futuro, a un siniestro o a generar una reclamación, los asegurados y/o la entidad tomadora, según fuere el caso, darán aviso a la compañía de seguros antes de la terminación de la vigencia de la póliza. En caso que con posterioridad a la terminación de la vigencia de la póliza efectivamente se formalice una reclamación derivada de los hechos o circunstancias que fueron notificados a la compañía de seguros en la forma establecida en esta cláusula, dicha reclamación se considerará presentada por primera vez en el mismo momento en que los hechos y circunstancias que la originaron fueron debidamente notificados o avisados a la aseguradora, razón por la cual la cobertura procederá bajo la póliza que se encontraba vigente en ese momento. | E30: Se califica el otorgamiento de esta condición | F30: 7
B31: MÁXIMO CALIFICACIÓN | F31: =SUM(F17:F30) -> 30 | G31: CALIFICACIÓN DEL OFERENTE | H31: =SUM(H17:H29) -> 0
B32: By: Tiger | H32: =+'METODOLOGÍA DE EVALUACIÓN'!G10 -> VERSIÓN: FEB 2025

Sheet G1 COND RC CONTRACTUAL
B3: =+'[1]METODOLOGÍA DE EVALUACIÓN'!B2:G2 -> INSTITUTO DEPARTAMENTAL DE CULTURA Y TURISMO DE CUNDINAMARCA - IDECUT
B5: FORMATO No. 3 EVALUACIÓN DE LAS CONDICIONES TÉCNICAS ADICIONALES
B6: GRUPO No. 1
B7: 6. PÓLIZA DE RESPONSABILIDAD CIVIL CONTRACTUAL PARA TRANSPORTE DE PASAJEROS Y/O OCUPANTES
B8: OBJETO DEL SEGURO
B9: Amparar al grupo asegurado contra el riesgo de muerte accidental y las coberturas enunciadas en el numeral 6.3, como consecuencia de un accidente de tránsito amparado en la póliza, siempre y cuando este ocurra en vigencia de este seguro.
B10: INFORMACIÓN GENERAL:
B11: TOMADOR: | C11: =+B3 -> INSTITUTO DEPARTAMENTAL DE CULTURA Y TURISMO DE CUNDINAMARCA - IDECUT | G11: NIT. | H11: =+'[1]G1. COND ADIC. TRDMC'!G11 -> 900.294.905-6
B12: ASEGURADO: | C12: =+C11 -> INSTITUTO DEPARTAMENTAL DE CULTURA Y TURISMO DE CUNDINAMARCA - IDECUT | G12: NIT. | H12: =+H11 -> 900.294.905-6
B13: BENEFICIARIO: | C13: =+C11 -> INSTITUTO DEPARTAMENTAL DE CULTURA Y TURISMO DE CUNDINAMARCA - IDECUT | G13: NIT. | H13: =+H11 -> 900.294.905-6
B14: NOTA: | C14: CADA SUBLÍMITE OFRECIDO EN FORMA ADICIONAL QUEDA CONTEMPLADO DENTRO DEL LÍMITE ASEGURADO.
B15: CRITERIOS DE EVALUACIÓN:
B16: CONDICIÓN REQUERIDA PARA EVALUACIÓN | E16: CRITERIO DE EVALUACIÓN | F16: PUNTAJE ESTABLECIDO | G16: OFRECIMIENTO DEL OFERENTE | H16: PUNTAJE OBTENIDO POR EL OFERENTE
B17: DESMEMBRACIÓN EVENTO /AGREGADO ANUAL. Se entiende por desmembración cuando en asegurado durante la vigencia de la póliza padeciere como consecuencia de accidente amparado la pérdida funcional o inutilización corporal descritas en la tabla a continuación: | E17: Se califica el ofrecimiento de este cobertura | F17: 30
B18: Perdida total e irreparable de la vista por ambos ojos | D18: 1
B19: Perdida de ambos pies por encima del tobillo o ambas manos por encima de la muñeca | D19: 1
B20: Perdida de una mano y un pie | D20: 1
B21: Perdida de una mano o un pie y la visión de un ojo | D21: 1
B22: Perdida total e irrecuperable de la audicion y el habla | D22: 1
B23: Perdida total e irreparable de la audición por ambos oídos | D23: 0.8
B24: Perdida del brazo derecho o izquierdo según sea diestro o zurdo | D24: 0.7
B25: Perdida de un pie conservando el talón, o de una mano conservando la muñeca | D25: 0.5
B26: Pérdida total e irreparable del habla | D26: 0.5
B27: Perdida del dedo pulgar de la mano derecha si es diestro o de la izquierda si es zurdo | D27: 0.25
B28: Perdida del dedo pulgar de la mano derecha o izquierda contralateral a su destreza | D28: 0.15
B29: Perdida de un dedo de la mano, excepto el pulgar | D29: 0.1
... B31: Perdida de un dedo del pie excepto el grueso artejo | D31: 0.05
B32: MÁXIMO CALIFICACIÓN | F32: =SUM(F17:F31) -> 30 | G32: CALIFICACIÓN DEL OFERENTE | H32: =SUM(H17:H31) -> 0
